 Dungeon Crawl Stone Soup version 0.23.2-1-ga50397a (webtiles) character file.

Game seed: 3695638560447588461

122 artroxa the Ruffian (level 4, -3/67 HPs)
             Began as a Troll Berserker on May 20, 2019.
             Was a Believer of Trog.
             Slain by a two-headed ogre
             ... wielding a +0 giant club
              (9 damage)
             ... on level 3 of the Dungeon.
             The game lasted 00:09:08 (1102 turns).

artroxa the Ruffian (Troll Berserker)               Turns: 1102, Time: 00:09:08

Health: -3/67      AC:  6    Str: 31    XL:     4   Next: 78%
Magic:  3/3        EV: 11    Int:  3    God:    Trog [**....]
Gold:   53         SH:  0    Dex:  9    Spells: 3/3 levels left

rFire    + . .     SeeInvis .     - Unarmed
rCold    x . .     Gourm    +   (no shield)
rNeg     . . .     Faith    .   a - +0 animal skin
rPois    .         Spirit   .   (helmet restricted)
rElec    .         Reflect  .   (no cloak)
rCorr    .         Harm     .   (gloves unavailable)
MR       .....                  (boots unavailable)
Stlth    ..........             (no amulet)
HPRegen  0.61/turn              f - ring of fire
MPRegen  0.08/turn              (no ring)

@: berserking, very quick
A: large, unfitting armour, claws 3, fast metabolism 3, gourmand, regeneration
1, shaggy fur 1, tough skin 3
a: Berserk, Trog's Hand, Renounce Religion


You were on level 3 of the Dungeon.
You worshipped Trog.
Trog was pleased with you.
You were not hungry.

You visited 1 branch of the dungeon, and saw 3 of its levels.

You collected 53 gold pieces.

Inventory:

Armour
 a - a +0 animal skin (worn)
Jewellery
 f - a ring of fire (left claw)
Scrolls
 c - a scroll of enchant weapon {unknown}
 d - a scroll of magic mapping {unknown}
 h - a scroll of amnesia {unknown}
 j - a scroll of blinking {unknown}
 l - a scroll of remove curse {unknown}
Potions
 e - a potion of curing {unknown}
 g - a potion of experience {unknown}
 i - a potion of heal wounds {unknown}
 k - a potion of magic {unknown}
Comestibles
 b - 4 rations


   Skills:
 + Level 3.0 Fighting
 + Level 3.4 Dodging
 + Level 4.1 Unarmed Combat


You had 3 spell levels left.
You didn't know any spells.
Your spell library was empty.

Dungeon Overview and Level Annotations

Branches:
Dungeon (3/15)

Altars:
Makhleb
Qazlal
Ru
Trog
Zin


Innate Abilities, Weirdness & Mutations

You are too large for most types of armour.
You have claws for hands.
Your metabolism is lightning-fast.
You like to eat raw meat.
Your natural rate of healing is unusually fast.
You are covered in fur. (AC +1)
You have extremely tough skin. (AC +3)


Message History

The adder is moderately wounded.
The adder closely misses you.
You claw the adder!
You kill the adder!
Trog accepts your kill.
A ball python comes into view.
The ball python hisses angrily.
The two-headed ogre hits you with a +0 giant club!
The two-headed ogre hits you with a cursed -3 giant club!!
A red film seems to cover your vision as you go berserk!
You feel yourself moving faster!
You feel mighty!
You feel a lot more hungry.
The two-headed ogre hits you with a +0 giant club!!
* * * LOW HITPOINT WARNING * * *
The two-headed ogre closely misses you.
You feel a strong urge to attack something.
You mangle the two-headed ogre!!
The two-headed ogre is heavily wounded.
The two-headed ogre closely misses you.
The two-headed ogre hits you with a cursed -3 giant club!
You die...

...# # #.....# #
...# ##.###.....#
.# .. ..##
...........##.#...
..#
..............#...
..#
.........?(.......
..#
..$....#..........
....
..................
.....
.........O.S......
.....
.........@........
..................
........$.........
.....=............
.$..............
................
................
..............^.


You could see a two-headed ogre and a ball python.

Vanquished Creatures
  An orc priest (D:3)
  An orc wizard (D:2)
  3 adders
  2 leopard geckos
  4 orcs (D:3)
  A ball python (D:2)
  A giant cockroach (D:2)
  A goblin (D:2)
  4 hobgoblins
  3 jackals (D:1)
  5 bats
  5 frilled lizards
  A kobold (D:2)
32 creatures vanquished.

Notes
Turn   | Place    | Note
-------+----------+-------------------------------------------
     0 | D:1      | artroxa the Troll Berserker began the quest for the Orb.
     0 | D:1      | Reached XP level 1. HP: 22/22 MP: 0/0
   307 | D:2      | Found a bloodstained altar of Trog.
   354 | D:2      | Found a stormy altar of Qazlal.
   378 | D:2      | Reached XP level 2. HP: 25/29 MP: 1/1
   434 | D:2      | Reached XP level 3. HP: 33/36 MP: 2/2
   436 | D:2      | Found a burning altar of Makhleb.
   581 | D:2      | Found a sacrificial altar of Ru.
   660 | D:2      | Reached XP level 4. HP: 42/44 MP: 3/3
   664 | D:2      | Reached ** piety under Trog
   800 | D:3      | Reached skill level 4 in Unarmed Combat
   922 | D:3      | Found a glowing silver altar of Zin.
  1092 | D:3      | Noticed a two-headed ogre
  1102 | D:3      | Slain by a two-headed ogre

Skill      XL: |  1  2  3  4 |
---------------+-------------+-----
Dodging        | 3 |  3.4
Fighting       | 3 |  3.0
Unarmed Combat | 4 |  4.1

Action                   |  1- 3 |  4- 6 || total
-------------------------+-------+-------++-------
Melee: Unarmed           |    68 |    23 ||    91
       Punch             |     1 |     1 ||     2
Invok: Berserk           |       |     1 ||     1
  Eat: Chunk             |     8 |       ||     8
Armor: Animal skin       |    85 |     5 ||    90
Dodge: Dodged            |    85 |    13 ||    98
